AoeStats
← KanSu

Nomad

504401182Analyzed
4v4 RM · 27d ago on Sep 5, 2026· 33m 59s· 8 players
Game mode
Random Map
Map size
231×231
Population
200
Speed
Normal
Resources
Standard
Victory
Conquest
Starting age
Dark Age
Ending age
Imperial Age
RankedLock teamsTeams togetherTeam positionsShared explorationLock speedFull tech treeHidden civsTurbo modeCheats
Victory
Defeat
🇹🇼 Dravidians · Taiwan
1617
+11
🇹🇼 Spanish · Taiwan
1588
+12
🇺🇸 Mapuche · United States
1588
+12
🇺🇸 Shu · United States
1476
+18
🇯🇵 Saracens · Japan
1599
-17
🇹🇼 Britons · Taiwan
1507
-13
🇻🇳 Ethiopians · Vietnam
1465
-12
🇹🇼 Lithuanians · Taiwan
1439
-11
elmor
4:56 Loom
13:12 Feudal Age
17:21 Castle Age
15:35 Fletching
18:12 Bodkin Arrow
19:18 Crossbowman
21:31 Padded Archer Armor
mkild12592512ihad
7:24 Loom
15:15 Feudal Age
16:00 Double-Bit Axe
18:58 Castle Age
16:44 Fishing Lines
17:48 Forging
19:33 Gillnets
20:01 Medium Warships
20:28 Bow Saw
21:20 Gold Mining
21:24 Stone Mining
22:14 Wheelbarrow
22:36 Loom
23:32 Hand Cart
24:08 Scale Barding Armor
26:20 Chain Barding Armor
28:42 Horse Collar
30:57 Town Watch
33:41 Iron Casting
yenyang
10:56 Loom
13:21 Feudal Age
14:37 Fletching
22:52 Castle Age
VNS_MZ
5:52 Loom
14:02 Feudal Age
15:13 Fishing Lines
19:31 Castle Age
20:27 Castle Age
19:23 Double-Bit Axe
21:21 Medium Warships
23:44 Fletching
23:56 Padded Archer Armor
24:37 Bodkin Arrow
24:51 Crossbowman
Ivbin Jirginov
5:20 Loom
13:24 Feudal Age
17:19 Castle Age
15:58 Double-Bit Axe
17:19 Fletching
18:16 Bodkin Arrow
22:28 Ballistics
26:54 Padded Archer Armor
30:00 Leather Archer Armor
KanSu
11:55 Loom
13:40 Feudal Age
14:42 Double-Bit Axe
14:48 Gold Mining
17:45 Castle Age
18:05 Crossbowman
18:51 Thumb Ring
18:38 Fletching
19:04 Bow Saw
19:40 Horse Collar
20:19 Bodkin Arrow
20:24 Town Watch
24:19 Wheelbarrow
24:30 Padded Archer Armor
32:18 Scale Mail Armor
TW_Kenneth
12:40 Feudal Age
16:23 Castle Age
14:38 Double-Bit Axe
15:43 Horse Collar
15:49 Fishing Lines
15:55 Loom
16:13 Fletching
17:15 Medium Warships
17:23 Bow Saw
20:42 Gillnets
20:53 Town Watch
23:32 Wheelbarrow
28:05 Coinage
28:24 Hand Cart
32:23 Imperial Age
31:28 Ballistics
31:23 Medical Corps
31:15 Bodkin Arrow
31:21 Padded Archer Armor
32:04 Thumb Ring
33:15 Bracer
34:38 Chemistry
P0rr1dg3
10:49 Loom
13:10 Feudal Age
16:41 Castle Age
15:30 Double-Bit Axe
15:59 Stone Mining
15:56 Fishing Lines
24:07 Horse Collar
24:52 Husbandry
27:54 Heavy Plow
28:46 Town Watch
34:16 Imperial Age
32:21 Wheelbarrow
32:07 Herbal Medicine
32:55 Town Patrol
33:14 Redemption
33:35 Bow Saw
34:19 Bloodlines
Connection lost

Rejoining the realm…

Still unreachable

The connection could not be restored.

Session expired

The server has moved on; the page needs a fresh start.